Zazza, chaotic female human Wizard --------- ------------ |........###########-.......>..| |.......| ##|..........| --------- |.......| ##|..........| ##`........| --------- #|..........|############ # |.......| #------------# ---.-------#####-.......| `######################### |..........# |.......| ### # |.........|## ........| # ### |..........# --.------ ## # ##..........|# ## ### # -----------# # ########`################## ### -------.---# # # |..........# ### |.........| --------|- |.....<...| |........| ----------- .........| |........| ---------- Zazza the Conjurer Experience level: 4 Strength: 9 Dexterity: 11 Constitution: 18 Intelligence: 18 Wisdom: 12 Charisma: 7 Health: 35(35) Energy: 31(31) Def: 2 Gold: 176 Moves: 1569 Dungeon seed: wzVgLKqVXkavMpjt Game ID: Zazza_1576414194 Your Inventory: Coins $ - 176 gold pieces Weapons a - a blessed +1 quarterstaff (weapon in hands) t - a +0 dagger u - a cursed -2 orcish dagger Armor e - an uncursed +0 cloak of magic resistance r - an uncursed +0 elven cloak y - an uncursed +0 orcish helm B - an uncursed +1 cloak of invisibility (being worn) N - a blessed +0 orcish helm Y - an uncursed +0 orcish helm Comestibles o - an uncursed food ration q - an uncursed apple Scrolls i - an uncursed scroll of identify j - an uncursed scroll of teleportation k - an uncursed scroll of light v - an uncursed scroll of enchant armor Spellbooks l - a blessed spellbook of force bolt m - an uncursed spellbook of detect unseen Potions f - an uncursed potion of gain level g - an uncursed potion of booze h - an uncursed potion of gain ability Rings c - an uncursed ring of slow digestion (on left hand) d - an uncursed ring of teleportation Wands b - a wand of digging (0:6) Tools n - a magic marker (0:73) Gems z - an uncursed worthless piece of red glass A - 2 uncursed worthless pieces of violet glass Spells and supernatural/magical abilities: Name Level Category Fail Memory a - force bolt 1 attack 0% 93% U - detect unseen 3 divination 85% 93% W - pray for help -- divine ? -- Your skills at the end: Fighting Skills Weapon Skills quarterstaff [Basic] Spellcasting Skills attack spells [Basic] enchantment spells [Basic] Final Attributes: You were piously aligned. You were telepathic. You were invisible. You had slower digestion. You were unlucky. You survived. Vanquished creatures: 2 shriekers a floating eye a kitten an acid blob 2 coyotes 2 manes a large kobold a giant rat a fox a kobold 3 goblins a sewer rat 2 grid bugs 2 bats 2 lichens a kobold zombie 3 newts 27 creatures vanquished. Voluntary challenges: You used a wielded weapon 26 times, starting on turn 161. You were illiterate. You never genocided any monsters. You never polymorphed an object. You never changed form. You used no wishes. You never split a pudding. You never wrote Elbereth's name. You violated your moral code, losing 34 points of alignment, starting on turn 107. Dungeon overview: The Dungeons of Doom: levels 1 to 3 Level 1 an altar to Anhur a long staircase Level 2 an armor shop, a fountain Level 3 <- You were here History has recorded: On T:1 you entered the Dungeons of Doom to retrieve the Amulet of Yendor! On T:107 you advanced to experience level 2. On T:140 you advanced to experience level 3. On T:535 you advanced to experience level 4. On T:638 you reached level 2 of The Dungeons of Doom. On T:1320 you reached level 3 of The Dungeons of Doom. Score breakdown: Gold: 176 ( 7646 points) Experience: 4 levels ( 9649 points) Exploration: 3 levels ( 5.88%) ( 6000 points) Discoveries: 4 items ( 1.39%) ( 3541 points) Valuables value: (no points given unless you survive) Artifact value: 0 ( 0 points) Variety of kills: 17 monsters ( 4.46%) ( 6336 points) Turncount: 1569 turns ( 0 points) Survival: quit (score multiplied by 90%) Total score: 29854 Latest messages: The door opens. Where do you want to travel to? The acid blob oozes under the door. You hit the acid blob. You are splashed by the acid blob's acid! You hit the acid blob. You are splashed by the acid blob's acid! The door opens. You miss the acid blob. (2x) You kill the acid blob! $ - 61 gold pieces. With great effort you move the boulder. You try to move the boulder, but in vain. (8x) The door resists! (2x) The door opens. You see here a large box. Hmmm, it seems to be locked. You start bashing it with your quarterstaff. You succeed in forcing the lock. In fact, you've totally destroyed the large box. You don't find anything here to loot. There is nothing here to pick up. The door opens. $ - 51 gold pieces. Final status: Goodbye Zazza the Wizard, quit... You quit in The Dungeons of Doom on dungeon level 3 with 29854 points, and 176 pieces of gold, after 1569 moves. You were level 4 with a maximum of 35 hit points when you quit.